 Dungeon Crawl Stone Soup version 0.26.1-11-gd32895ea62 (webtiles) character file.

Game seed: 12880691168400292401

1886 Zeld the Cleaver (level 8, -2/64 HPs)
             Began as a Minotaur Berserker on May 25, 2021.
             Was an Elder of Trog.
             Shot with an arrow by a centaur (8 damage)
             ... on level 7 of the Dungeon.
             The game lasted 00:05:36 (9677 turns).

Zeld the Cleaver (Minotaur Berserker)               Turns: 9677, Time: 00:05:37

Health: -2/64      AC:  2    Str: 23    XL:     8   Next: 92%
Magic:  7/7        EV: 12    Int:  4    God:    Trog [****..]
Gold:   37         SH:  0    Dex: 11    Spells: 7/7 levels left

rFire    . . .     SeeInvis .   a - +0 hand axe
rCold    . . .     Faith    .   (no shield)
rNeg     . . .     Spirit   .   (no armour)
rPois    .         Reflect  .   E - +1 hat
rElec    .         Harm     .   F - +0 cloak
rCorr    .         Rampage  .   (no gloves)
Will     .....                  (no boots)
Stlth    +.........             (no amulet)
HPRegen  0.20/turn              (no ring)
MPRegen  0.10/turn              (no ring)

@: berserk cooldown, slowed, very slow
A: retaliatory headbutt, horns 2
a: Renounce Religion, Berserk, Trog's Hand, Brothers in Arms


You were on level 7 of the Dungeon.
You worshipped Trog.
Trog was greatly pleased with you.
You visited 2 branches of the dungeon, and saw 8 of its levels.

You collected 437 gold pieces.
You spent 400 gold pieces at shops.

Inventory:

Hand Weapons
 a - a +0 hand axe (weapon)
Armour
 E - a +1 hat (worn)
 F - a +0 cloak (worn)
Jewellery
 k - a cursed ring of teleportation {unknown}
 p - an uncursed ring of fire {unknown}
 r - an uncursed amulet of reflection {unknown}
 t - an uncursed ring of flight
 u - a +6 ring of dexterity {unknown}
 y - an uncursed ring of stealth {unknown}
Wands
 v - a wand of flame (15)
 B - a wand of random effects (18)
 G - a wand of digging (4)
Scrolls
 b - 5 scrolls of teleportation {unknown}
 e - 7 scrolls of identify {unknown}
 i - 2 scrolls of amnesia {unknown}
 j - 4 scrolls of enchant armour {unknown}
 m - 2 scrolls of fog {unknown}
 n - 4 scrolls of noise {unknown}
 q - 5 scrolls of remove curse {unknown}
 z - a scroll of magic mapping {unknown}
 A - 2 scrolls of enchant weapon {unknown}
 D - a scroll of fear {unknown}
 I - 2 scrolls of blinking {unknown}
Potions
 c - 3 potions of flight {unknown}
 d - 2 potions of magic {unknown}
 f - a potion of attraction {unknown}
 g - a potion of brilliance {unknown}
 h - a potion of lignification {unknown}
 l - a potion of might {unknown}
 o - 3 potions of berserk rage {unknown}
 s - a potion of resistance {unknown}
 w - 2 potions of haste {unknown}
 x - a potion of cancellation {unknown}
 C - a potion of degeneration {unknown}
 H - 2 potions of invisibility {unknown}
 J - a potion of curing


   Skills:
 - Level 3.6 Fighting
 * Level 13.7 Axes
 - Level 2.4 Armour
 - Level 2.1 Dodging


You had 7 spell levels left.
You didn't know any spells.
Your spell library was empty.

Dungeon Overview and Level Annotations

Branches:
Dungeon (7/15)             Temple (1/1) D:6

Altars:
Ashenzari
Cheibriados
Dithmenos
Elyvilon
Fedhas
Gozag
Hepliaklqana
Kikubaaqudgha
Makhleb
Nemelex Xobeh
Okawaru
Qazlal
Ru
Sif Muna
Trog
Uskayaw
Vehumet
Wu Jian
Xom
Yredelemnul
Zin
The Shining One

Shops:
D:5 [   D:6 ?**

Annotations:
D:7 1 runed translucent door, Tirrikindir's ghost, novice FoFi


Innate Abilities, Weirdness & Mutations

You reflexively headbutt those who attack you in melee.
You have a pair of horns on your head.


Message History

You are exhausted.
You feel yourself slow down.
The centaur wields a +0 shortbow.
The centaur shoots an arrow.
The arrow hits you!
You see here an arrow.
A centaur is nearby!
A centaur is nearby!
A centaur is nearby!
The centaur shoots an arrow.
The arrow hits you!
* * * LOW HITPOINT WARNING * * *
The centaur shoots an arrow.
The arrow hits you.
* * * LOW HITPOINT WARNING * * *
You see here 2 arrows.
The centaur shoots an arrow.
The arrow hits you.
* * * LOW HITPOINT WARNING * * *
You see here an arrow.
The centaur shoots an arrow.
The arrow barely misses you.
The centaur shoots an arrow.
The arrow hits you.
* * * LOW HITPOINT WARNING * * *
The centaur shoots an arrow.
The arrow hits you!
You die...

...... ##.#...# #..#.
.......####..##.##.##.##
.......#.###รท#..#(W.#.#
..........#.....##+##.#
...........?[).........
.........(.)(..........
.........(((....##.....
.....>...(.c....# .....
.......@..##)#.........
.)........#..##........
....(....###.##.<......
.......... .c# #....
..........#... ....
.............. ...
...............
.....#.#....... ........


You could see a centaur.

Vanquished Creatures
  Sigmund (D:2)
  Duvessa (D:5)
  3 ice beasts
  A black bear (D:7)
  A phantom (D:4)
  An ogre (D:7)
  2 centaurs
  A gnoll sergeant (D:7)
  Dowan (D:5)
  2 scorpions
  3 howler monkeys
  A centaur zombie (D:6)
  A gnoll shaman (D:6)
  2 bullfrog skeletons
  2 hounds (D:6)
  An orc wizard (D:5)
  2 worker ants
  An iguana (D:6)
  12 gnolls
  7 adders
  A shadow imp (D:6)
  A white imp (D:6)
  2 ufetubi
  An adder zombie (D:6)
  An adder skeleton (D:4)
  2 worms
  A dart slug (D:3)
  4 leopard geckos
  14 orcs
  A ball python (D:3)
  10 bats
  6 giant cockroaches
  12 goblins
  9 hobgoblins
  12 jackals
  6 kobolds
  2 quokkas (D:4)
  3 frilled lizards
  A jackal skeleton (D:4)
  15 rats
150 creatures vanquished.

Notes
Turn   | Place    | Note
-------+----------+-------------------------------------------
     0 | D:1      | Zeld the Minotaur Berserker began the quest for the Orb.
     0 | D:1      | Reached XP level 1. HP: 19/19 MP: 0/0
   194 | D:1      | Reached skill level 4 in Axes
   447 | D:1      | Reached XP level 2. HP: 26/26 MP: 1/1
  1174 | D:2      | Reached skill level 5 in Axes
  1174 | D:2      | Reached XP level 3. HP: 26/31 MP: 2/2
  1353 | D:2      | Reached ** piety under Trog
  1529 | D:2      | Noticed Sigmund
  1547 | D:2      | Killed Sigmund
  1548 | D:2      | Reached skill level 7 in Axes
  1548 | D:2      | Reached XP level 4. HP: 27/39 MP: 3/3
  1548 | D:2      | Reached XP level 5. HP: 31/45 MP: 4/4
  2660 | D:2      | Reached skill level 8 in Axes
  3032 | D:3      | Reached XP level 6. HP: 51/51 MP: 5/5
  3581 | D:3      | Reached *** piety under Trog
  4623 | D:4      | Reached skill level 9 in Axes
  5195 | D:4      | Found a radiant altar of Vehumet.
  5706 | D:5      | Entered Level 5 of the Dungeon
  5706 | D:5      | Noticed an ice beast
  5716 | D:4      | Killed an ice beast
  5717 | D:4      | Reached XP level 7. HP: 48/57 MP: 6/6
  5943 | D:5      | Reached skill level 10 in Axes
  7011 | D:5      | Reached skill level 11 in Axes
  7106 | D:5      | Found Uhawaekao's Antique Armour Shoppe.
  7114 | D:5      | Bought an embroidered hat for 189 gold pieces
  7114 | D:5      | Bought a cloak for 121 gold pieces
  7303 | D:5      | Noticed Duvessa
  7304 | D:5      | Noticed Dowan
  7462 | D:5      | Killed Duvessa
  7465 | D:5      | Killed Dowan
  7466 | D:5      | Reached XP level 8. HP: 43/64 MP: 7/7
  7941 | D:6      | Found Plog's Assorted Antiques.
  7946 | D:6      | Bought a scroll labelled NIUBUG RUHE for 27 gold pieces
  7946 | D:6      | Bought a scroll labelled TITATUTH WIMEE for 27 gold pieces
  7946 | D:6      | Found a sacrificial altar of Ru.
  8057 | D:6      | Reached skill level 12 in Axes
  8247 | D:6      | Found Ugigonem's Assorted Antiques.
  8255 | D:6      | Bought a scroll labelled NIUBUG RUHE for 23 gold pieces
  8376 | D:6      | Found a staircase to the Ecumenical Temple.
  8621 | Temple   | Entered the Ecumenical Temple
  8883 | D:6      | Found Laolevea's Magic Scroll Shoppe.
  8886 | D:6      | Bought a scroll of random uselessness for 13 gold pieces
  9273 | D:7      | Found a runed translucent door.
  9274 | D:7      | Noticed Tirrikindir's ghost (novice FoFi)
  9275 | D:7      | Found a shimmering altar of Xom.
  9275 | D:7      | Noticed a +1 short sword of chaos
  9284 | D:7      | Reached skill level 13 in Axes
  9310 | D:7      | Reached **** piety under Trog
  9677 | D:7      | Shot with an arrow by a centaur

Illustrated notes

Levels and vault maps discovered:
D:1:      tarquinn_simple_flora_water_c, layout_loops_corners,
          serial_bayou_crossing
D:2:      layout_basic, corexii_shack, uniq_sigmund
D:3:      minmay_spotlight, layout_basic, grunt_decor_clamped, st_stairs_2
D:4:      layout_loops_ring, minmay_misc_feat_nine_boxes, serial_bayou_pond_a,
          vehumet_altar_wand_db
D:5:      layout_rooms, serial_shops, shop, minivault_24, uniq_duvessa
D:6:      layout_loops_ring, minmay_temple_entry_slanted, serial_shops,
          shop_statue, kennysheep_mini, nicolae_shop_statue_plus, basic_altar
D:7:      layout_cave_pools, ebering_ghost_xom, nicolae_wand_duel, minivault_5,
          kennysheep_generic_room_16
Temple:   kilobyte_greek_temple

Skill      XL: |  1  2  3  4  5  6  7  8 |
---------------+-------------------------+-----
Axes           | 4 5 7 8 9 11 13 | 13.7
Fighting       | |  3.6
Armour         | |  2.4
Dodging        | |  2.1

Action                   |  1- 3 |  4- 6 |  7- 9 || total
-------------------------+-------+-------+-------++-------
Melee: Hand axe          |    56 |   146 |   177 ||   379
       Headbutt          |     4 |    23 |    35 ||    62
Invok: Berserk           |     1 |     4 |     8 ||    13
       Trog's Hand       |       |     1 |     1 ||     2
 Stab: Sleeping          |       |     2 |       ||     2
Armor: Skin              |       |       |     5 ||     5
Dodge: Dodged            |    41 |    90 |    70 ||   201
